 Dungeon Crawl Stone Soup version 0.30-a0-881-g1ff12e1e11 (webtiles) character file.

Game seed: 4232170412228458849

7 Pimp the Digger (level 2, 0/19 HPs)
             Began as a Formicid Earth Elementalist on Mar 14, 2023.
             Slain by a jackal (2 damage)
             ... on level 1 of the Dungeon.
             The game lasted 00:01:48 (243 turns).

Pimp the Digger (Formicid Earth Elementalist)        Turns: 243, Time: 00:01:48

Health: 0/19       AC:  2    Str: 12    XL:     2   Next: 5%
Magic:  0/5        EV: 12    Int: 14    God:
Gold:   58         SH:  0    Dex: 14    Spells: 4/5 levels left

rFire   . . .      SeeInvis +    (no weapon)
rCold   . . .      Faith    .    (no shield)
rNeg    . . .      Spirit   .    a - +0 robe
rPois   .          Reflect  .    (helmet unavailable)
rElec   .          Rampage  .    (no cloak)
rCorr   .                        (no gloves)
Will    .....                    (no boots)
Stlth   ++                       (no amulet)
HPRegen 0.23/turn                (no ring)
MPRegen 0.09/turn                (no ring)

@: no status effects
A: permanent stasis, dig shafts and tunnels, antennae 3, four strong arms
a: Dig, Shaft Self


You were on level 1 of the Dungeon.
You visited 1 branch of the dungeon, and saw 1 of its levels.

You collected 58 gold pieces.

Inventory:

Armour
 a - a +0 robe (worn)
Scrolls
 f - a scroll of enchant armour
Potions
 b - a potion of magic
 c - a potion of flight {unknown}
 e - a potion of curing {unknown}


   Skills:
 + Level 1.9 Dodging
 + Level 2.6 Stealth
 + Level 2.3 Spellcasting
 + Level 1.3 Transmutations
 + Level 3.7 Earth Magic


You had 4 spell levels left.
You knew the following spells:

 Your Spells              Type           Power      Damage    Failure   Level
a - Sandblast             Erth           24%        2d8       4%          1

Your spell library contained the following spells:

 Spells                   Type           Power      Damage    Failure   Level
 Passwall                 Tmut/Erth      6%         N/A       12%         2
 Stone Arrow              Conj/Erth      12%        3d7       32%         3
 Petrify                  Tmut/Erth      8%         N/A       63%         4


Dungeon Overview and Level Annotations

Branches:
Dungeon (1/15)

Altars:


Innate Abilities, Weirdness & Mutations

You cannot be hasted, slowed, berserked, paralysed or teleported.
You can dig through walls and to a lower floor.
You have a pair of large antennae on your head. (SInv)
Your four strong arms can wield two-handed weapons with a shield.


Message History

You hit the jackal but do no damage. The jackal bites you.
You barely miss the jackal. The jackal bites you.
Casting: Sandblast (safe; 4% risk of failure)
Confirm with . or Enter, or press ? or * to list all spells.
Aiming: Sandblast (safe; 4% risk of failure)
Press: ? - help, Shift-Dir - straight line, f/p - jackal
Aim: a jackal (severely wounded, 77% to hit)
The blast of sand hits the jackal.
You kill the jackal!
The jackal bites you.
You have reached level 2!
You hit the jackal but do no damage.
The jackal is heavily wounded.
The jackal bites you. The jackal closely misses you.
You barely miss the jackal.
The jackal is heavily wounded.
The jackal bites you but does no damage.
You closely miss the jackal.
The jackal is heavily wounded.
The jackal bites you but does no damage.
The jackal barely misses you.
Unknown command.
You closely miss the jackal.
The jackal is moderately wounded.
The jackal barely misses you.
You barely miss the jackal.
The jackal is moderately wounded.
The jackal barely misses you.
You barely miss the jackal.
The jackal is moderately wounded.
The jackal bites you but does no damage.
The jackal bites you.
* * * LOW HITPOINT WARNING * * *
You hit the jackal but do no damage.
The jackal is moderately wounded.
The jackal bites you.
* * * LOW HITPOINT WARNING * * *
The jackal attacks as you move away! The jackal barely misses you.
The jackal bites you.
You die...

#.#.......#..
######.(..#..#...#
#....†.#...#...#..
#......#.....#...#
#......#.>.#...#..
#......#.....#...#
#......#...#...#..
#......#.....#...#
#@.....#...#...#..
#h######.....#...#
#h# #.#.....#..
#.h.....#.######..#
#.....?.#.# ##..
#.......#.# #..
#.......#.# ###
#.......+.#
#.......###


You could see 3 jackals.

Vanquished Creatures
  2 bats (D:1)
  2 hobgoblins (D:1)
  A jackal (D:1)
  A frilled lizard (D:1)
6 creatures vanquished.

Notes
Turn   | Place    | Note
-------+----------+-------------------------------------------
     0 | D:1      | Pimp the Formicid Earth Elementalist began the quest for
                  | the Orb.
     0 | D:1      | Reached XP level 1. HP: 13/13 MP: 3/3
   236 | D:1      | Reached XP level 2. HP: 6/19 MP: 0/5
   243 | D:1      | Slain by a jackal

Illustrated notes

Levels and vault maps discovered:
D:1:      dpeg_arrival_round_b, layout_basic,
          hellmonk_ecumenical_altar_watching_god, hex_medium

Action                     || total
---------------------------++-------
  Melee: Unarmed           ||    18
   Cast: Sandblast         ||     7
    Use: Scroll            ||     1
 Armour: Robe              ||     5
  Dodge: Dodged            ||    15

Table legend: (Time is in decaauts)
 A = Elapsed time spent in this place.
 B = Non-inter-level travel time spent in this place.
 C = Inter-level travel time spent in this place.
 D = Time resting spent in this place.
 E = Time spent auto-exploring this place.
 F = Levels seen in this place.
 G = Mean time per level.
                   A        B        C        D        E       F      G
               +--------+--------+--------+--------+--------+-----+--------+
         Total |    246 |    246 |      0 |      5 |    143 |   1 |  246.0 |
       Dungeon |    246 |    246 |      0 |      5 |    143 |   1 |  246.0 |
               +--------+--------+--------+--------+--------+-----+--------+

Top non-repeatable levels by time:
     D:1: 246 daAuts
